 Dungeon Crawl Stone Soup version 0.23-a0-391-g8c51ad5 (webtiles) character file.

1367 nixmar the Caller (level 8, -1/52 HPs)
             Began as a Kobold Summoner on Oct 30, 2018.
             Was an Initiate of Fedhas.
             Killed by nerve-wracking pain
             ... invoked by an orc priest
              (13 damage)
             ... on level 7 of the Dungeon.
             The game lasted 00:34:45 (9294 turns).

nixmar the Caller (Kobold Summoner)                 Turns: 9294, Time: 00:34:45

Health: -1/52      AC:  5    Str:  5    XL:     8   Next: 97%
Magic:  1/12       EV: 19    Int: 18    God:    Fedhas [......]
Gold:   437        SH:  0    Dex: 16    Spells: 6/12 levels left

rFire    + . .     SeeInvis .   c - +0 spear
rCold    . . .     Gourm    .   (shield restricted)
rNeg     . . .     Faith    .   a - +0 robe
rPois    +         Spirit   .   (helmet restricted)
rElec    .         Reflect  .   i - +1 cloak
rCorr    .         Harm     .   (no gloves)
MR       .....                  (no boots)
Stlth    ++........             r - amulet of regeneration
HPRegen  0.57/turn              f - ring of protection from fire
MPRegen  0.13/turn              o - ring of poison resistance

@: no status effects
A: small, antennae 1, rugged brown scales 1, carnivore
a: Fungal Bloom, Renounce Religion


You were on level 7 of the Dungeon.
You worshipped Fedhas.
Fedhas was noncommittal.
You were very full.

You visited 1 branch of the dungeon, and saw 7 of its levels.

You collected 437 gold pieces.

Inventory:

Hand Weapons
 c - a +0 spear (weapon)
 j - a +1 short sword of electrocution
Missiles
 g - 12 tomahawks (quivered)
Armour
 a - a +0 robe (worn)
 i - a +1 cloak (worn)
Jewellery
 f - a ring of protection from fire (left hand)
 o - a ring of poison resistance (right hand)
 r - an amulet of regeneration (around neck)
Wands
 k - a wand of iceblast (6) {@v4}
Scrolls
 h - 3 scrolls of remove curse {@r3}
 B - 2 scrolls of blinking
 T - a scroll of teleportation
Potions
 b - a potion of curing {@q1}
 d - a potion of degeneration {unknown}
 m - a potion of magic {unknown}
 n - 2 potions of brilliance {unknown}
 q - 2 potions of agility {unknown}
 s - a potion of heal wounds {@q2}
 t - a potion of lignification {unknown}
 u - 5 potions of haste {unknown}
 v - 2 potions of flight {unknown}
Comestibles
 e - 9 rations
 l - a chunk of flesh


   Skills:
 + Level 5.7 Fighting
 + Level 6.9 Dodging
 - Level 2.6 Stealth
 - Level 2.9 Spellcasting
 + Level 7.7 Summonings


You had 6 spell levels left.
You knew the following spells:

 Your Spells              Type           Power        Failure   Level  Hunger
a - Summon Small Mammal   Summ           ####         1%          1    None
b - Call Imp              Summ           ####....     1%          2    ##.....
c - Call Canine Familiar  Summ           ####....     1%          3    ###....

Your spell library contained the following spells:

 Spells                   Type           Power        Failure   Level  Hunger
 Summon Guardian Golem    Hex/Summ       ###.....     10%         3    ###....
 Summon Ice Beast         Ice/Summ       ###.....     32%         4    ####...
 Summon Lightning Spire   Summ/Air       ###.....     32%         4    ####...


Dungeon Overview and Level Annotations

Branches:
Dungeon (7/15)             Temple (0/1) D:6

Altars:
Fedhas
Ru
Trog
Uskayaw

Shops:
D:6 *


Innate Abilities, Weirdness & Mutations

You are small and have problems with some larger weapons.
You are carnivorous and can eat meat at any time.
You have a pair of small antennae on your head.
You are partially covered in rugged brown scales. (AC +1, +3% HP)


Message History

The orc priest miscasts a cantrip.
Your crimson imp hits the orc priest but does no damage.
The orc priest closely misses you. The orc priest misses your crimson imp.
The orc priest invokes the aid of Beogh against you.
Beogh smites you!
Your crimson imp hits the orc priest.
Your crimson imp hits the orc priest but does no damage.
The orc priest hits your crimson imp with a +0 flail.
Your crimson imp blinks!
Your crimson imp hits the orc priest.
The orc priest mumbles some strange prayers to Beogh against you.
Beogh smites you!
* * * LOW HITPOINT WARNING * * *
The orc priest misses you.
The orc priest miscasts a cantrip.
Your crimson imp blinks!
Your crimson imp hits the orc priest.
The orc priest invokes the aid of Beogh against you.
Pain shoots through your body!
You die...
Fedhas appreciates your contribution to the ecosystem.

....>...#..........#
........#..........#
#########..........#
# .............#
.............#
#...............#
###...............#
..................#
............ยง..@..#
..._.......o.o5...#
.............o..5.#
.#####........5o..#
.#..(#............#
.#..(#..#####.....#
.#####).# #.....#
.......=# #.....#
........# #.....#


You could see 4 orc priests and 3 friendly crimson imps.

Vanquished Creatures
  A sky beast (D:5)
  A bullfrog (D:6)
  A crimson imp (D:5)
  2 worker ants
  An adder (D:3)
  A shadow imp (D:5)
  A worm (D:3)
  2 dart slugs
  2 leopard geckos
  5 orcs
  A goblin (D:1)
  3 hobgoblins
  A ball python (D:4)
  5 bats
  A frilled lizard (D:2)
  3 kobolds
  3 rats
34 creatures vanquished.

Vanquished Creatures (collateral kills)
  Pikel (D:4)
  Sigmund (D:6)
  A spriggan (D:7)
  Eustachio (D:4)
  Edmund (D:6)
  A sky beast (D:6)
  A phantom (D:5)
  An ogre (D:6)
  A scorpion (D:5)
  2 crimson imps (D:5)
  A jelly (D:4)
  3 orc priests
  Crazy Yiuf (D:6)
  A bullfrog skeleton (D:6)
  An iguana (D:6)
  8 orc wizards
  Terence (D:2)
  3 worker ants
  10 adders
  A shadow imp (D:6)
  2 oozes
  An adder skeleton (D:4)
  2 worms
  3 dart slugs
  4 leopard geckos
  21 orcs
  6 bats
  4 giant cockroaches
  10 goblins
  4 hobgoblins
  2 jackals (D:3)
  A quokka (D:4)
  4 ball pythons
  3 frilled lizards
  5 kobolds
  A quokka skeleton (D:6)
  6 rats
120 creatures vanquished.

Vanquished Creatures (others)
  2 toadstools (D:3)
2 creatures vanquished.

Grand Total: 156 creatures vanquished

Notes
Turn   | Place    | Note
-------+----------+-------------------------------------------
     0 | D:1      | nixmar the Kobold Summoner began the quest for the Orb.
     0 | D:1      | Reached XP level 1. HP: 10/10 MP: 3/3
   452 | D:1      | Reached XP level 2. HP: 14/16 MP: 0/5
   513 | D:1      | Learned a level 2 spell: Call Imp
  1101 | D:1      | Reached XP level 3. HP: 14/20 MP: 1/6
  1212 | D:1      | Reached skill level 1 in Fighting
  2272 | D:2      | Noticed Terence
  2311 | D:1      | Reached XP level 4. HP: 16/25 MP: 1/8
  2505 | D:2      | Killed Terence
  2816 | D:3      | Learned a level 3 spell: Call Canine Familiar
  2888 | D:3      | Reached XP level 5. HP: 26/30 MP: 1/9
  2926 | D:3      | HP: 1/30 [something/magic dart (8)]
  2927 | D:3      | Gained mutation: You are partially covered in rugged brown
                  | scales. (AC +1, +3% HP) [potion of mutation]
  2927 | D:3      | Gained mutation: You have a pair of small antennae on your
                  | head. [potion of mutation]
  3640 | D:3      | Reached skill level 5 in Summonings
  4186 | D:3      | Found a blossoming altar of Fedhas.
  4200 | D:3      | Became a worshipper of Fedhas Madash
  4623 | D:4      | Reached XP level 6. HP: 37/37 MP: 3/10
  5052 | D:4      | Noticed Eustachio
  5071 | D:4      | Killed Eustachio
  5179 | D:4      | Found a bloodstained altar of Trog.
  5709 | D:4      | Found a sacrificial altar of Ru.
  5725 | D:4      | Reached XP level 7. HP: 39/42 MP: 3/11
  5839 | D:4      | You fall through a shaft for 2 floors!
  5940 | D:6      | Reached skill level 6 in Summonings
  5984 | D:6      | Noticed Sigmund
  5988 | D:5      | Entered Level 5 of the Dungeon
  6345 | D:5      | Upgraded the game from 0.23-a0-389-g4a5eb33 to
                  | 0.23-a0-391-g8c51ad5
  6555 | D:5      | Reached skill level 5 in Dodging
  6951 | D:5      | Noticed Pikel
  7099 | D:4      | Found the macabre finger necklace {rN+}
  7437 | D:4      | Killed Pikel
  7437 | D:4      | Reached skill level 7 in Summonings
  7437 | D:4      | Reached XP level 8. HP: 49/49 MP: 1/12
  7798 | D:6      | Killed Sigmund
  8206 | D:6      | Reached skill level 5 in Fighting
  8282 | D:6      | Found Qioshrede's General Store.
  8479 | D:6      | Found a staircase to the Ecumenical Temple.
  8708 | D:6      | Noticed Edmund
  8773 | D:6      | Killed Edmund
  8867 | D:6      | Found a runed door.
  8871 | D:6      | Noticed Crazy Yiuf
  8877 | D:6      | Killed Crazy Yiuf
  9134 | D:7      | Noticed a spriggan baker
  9150 | D:7      | Killed a spriggan baker
  9264 | D:7      | Noticed a hand axe
  9264 | D:7      | Noticed a hand axe
  9265 | D:7      | Found a hide-covered altar of Uskayaw.
  9294 | D:7      | Killed from afar by an orc priest

Vault maps used:
D:1:      minmay_arrival_hallway
D:2:      st_stairs_8, uniq_terence
D:3:      serial_bayou_ford_a, chequers_serial_rivers_large_a, fedhas_altar_1
D:4:      lightli_temple_of_fire, nicolae_ru_great_annihilating_truth,
          uniq_eustachio
D:5:      first_ration, serial_park_tiny_1, minmay_tree_intersection, uniq_pikel
D:6:      minmay_temple_entry_statues, serial_shops, shop_fountains,
          minmay_statues_item, uniq_crazy_yiuf_cottage, uniq_edmund,
          uniq_sigmund
D:7:      dancing_weapons_uskayaw, serial_shops, nicolae_shop_behind_doors,
          gammafunk_ghost_grave, the_bakery, patterned_corridor

Skill      XL: |  1  2  3  4  5  6  7  8 |
---------------+-------------------------+-----
Fighting       | 1 2 3 4 5 |  5.7
Dodging        | 3 4 5 6 |  6.9
Summonings     | 5 7 |  7.7
Stealth        | |  2.6
Spellcasting   | |  2.9

Action                   |  1- 3 |  4- 6 |  7- 9 || total
-------------------------+-------+-------+-------++-------
Melee: Spear             |    87 |   137 |   166 ||   390
       Unarmed           |    10 |       |       ||    10
Throw: Tomahawk          |       |       |     7 ||     7
 Cast: Summon Small Mamm |    15 |    24 |     9 ||    48
       Call Imp          |    41 |    56 |    93 ||   190
       Call Canine Famil |       |    21 |    19 ||    40
Invok: Fungal Bloom      |       |     9 |     1 ||    10
  Use: Scroll            |       |     7 |     5 ||    12
       Potion            |       |     2 |     1 ||     3
 Stab: Distracted        |     1 |     4 |     8 ||    13
       Sleeping          |     7 |     1 |     2 ||    10
  Eat: Chunk             |    13 |    18 |    18 ||    49
Armor: Robe              |    12 |    10 |    10 ||    32
Dodge: Dodged            |    84 |    65 |    52 ||   201

Table legend:
 A = Non-vault XP
 B = Vault XP
 C = Vault XP percentage of total XP
 D = Non-vault monster count
 E = Vault monster count
 F = Vault count percentage of total count
                 A         B        C        D         E       F
            +---------+---------+-------+---------+---------+-------
      Total |    1118 |     835 |  42.8 |     141 |      12 |   7.8
            +---------+---------+-------+---------+---------+-------
        D:1 |      45 |       1 |   2.2 |      27 |       1 |   3.6
        D:2 |      31 |      18 |  36.7 |      21 |       1 |   4.5
        D:3 |     166 |       0 |   0.0 |      35 |       0 |   0.0
        D:4 |     128 |     480 |  78.9 |      14 |       6 |  30.0
        D:5 |     372 |       0 |   0.0 |      22 |       0 |   0.0
        D:6 |     374 |     226 |  37.7 |      21 |       3 |  12.5
        D:7 |       2 |     110 |  98.2 |       1 |       1 |  50.0
            +---------+---------+-------+---------+---------+-------
